 Dungeon Crawl Stone Soup version 0.18-a0-1454-g5e6cd1e (webtiles) character file.

37 MenacingMecha the Chopper (level 3, -1/31 HPs)
             Began as a Hill Orc Berserker on Mar 1, 2016.
             Was a Believer of Trog.
             Slain by Natasha (6 damage)
             ... on level 2 of the Dungeon.
             The game lasted 00:02:24 (993 turns).

MenacingMecha the Chopper (Hill Orc Berserker)       Turns: 993, Time: 00:02:25

Health: -1/31      AC:  6    Str: 20    XL:     3   Next: 39%
Magic:  0/3        EV: 11    Int:  7    God:    Trog [**....]
Gold:   58         SH:  0    Dex: 10    Spells: 0 memorised, 2 levels left

rFire  . . .     SeeInvis .     a - +0 hand axe
rCold  . . .     Gourm    .     f - +0 ring mail
rNeg   . . .     Faith    .     (no shield)
rPois  .         Spirit   +     (no helmet)
rElec  .         Dismiss  .     (no cloak)
rCorr  .         Reflect  .     (no gloves)
SustAt .         Harm     .     w - +0 pair of boots
MR     +....                    t - amulet of guardian spirit
Stlth  ..........               q - ring of protection from magic
                                m - ring of flight

@: exhausted, slowed, very slow, somewhat resistant to hostile enchantments,
extremely unstealthy
A: no striking features
a: Berserk, Trog's Hand, Burn Spellbooks, Renounce Religion, Evoke Flight


You were on level 2 of the Dungeon.
You worshipped Trog.
Trog was pleased with you.
You were very hungry.

You visited 1 branch of the dungeon, and saw 2 of its levels.

You collected 58 gold pieces.

Inventory:

Hand Weapons
 a - a +0 hand axe (weapon)
Missiles
 n - 2 tomahawks (quivered)
Armour
 f - a +0 ring mail (worn)
 w - a +0 pair of boots (worn)
Jewellery
 m - a ring of flight (left hand)
 q - a ring of protection from magic (right hand)
 t - an amulet of guardian spirit (around neck)
Wands
 v - a wand of flame (40/48)
Scrolls
 d - 3 scrolls of identify {unknown}
 j - 3 scrolls of magic mapping {unknown}
 k - a scroll of immolation {unknown}
 p - a scroll of noise {unknown}
 s - a scroll of recharging {unknown}
 u - a scroll of fear {unknown}
 x - a scroll of remove curse {unknown}
Potions
 e - 2 potions of curing {unknown}
 g - 2 potions of heal wounds {unknown}
 i - 2 potions of lignification {unknown}
 l - a potion of flight {unknown}
 o - a potion of haste {unknown}
Comestibles
 b - a beef jerky
 c - 5 bread rations
 h - a meat ration
 r - 2 slices of pizza


   Skills:
 - Level 3.6 Fighting
 + Level 5.8 Axes
 - Level 2.1 Armour
 - Level 1.5 Dodging


You had 2 spell levels left.
You didn't know any spells.

Dungeon Overview and Level Annotations

Branches:
Dungeon (2/15)

Altars:

Annotations:
D:2 Natasha


Message History

Natasha casts a spell.
You feel a strong urge to attack something.
Natasha misses you.
You feel your anger subside.
You are no longer berserk.
You are exhausted.
You feel yourself slow down.
You are feeling very hungry.
Natasha claws you but does no damage. Natasha claws you but does no damage.
The crimson imp barely misses you.
Natasha stares at you and mumbles some strange words.
The magic dart hits you!
* * * LOW HITPOINT WARNING * * *
The crimson imp summons a swarm of flies.
The crimson imp blinks!
Natasha misses you.
The white imp shouts, "Scamper hence, thou clouted flat-headed minnow reeky!"
Unknown command.
Unknown command.
Natasha claws you but does no damage. Natasha claws you!
You die...

............###.###
........##...##.†.##
.....#######...#...########
.....# ###.##.........#
.....# ####..>...........#
....#####....##...#...#####
.......##.####.....##....#
..........# #..#..###...#
###.####..# #.#@#..##.###
....# ##.####..#h..#..# .#
## #...##.....5..## ######
####......##5###
.....###.........##.#
.........#######..#(#
.....##### ##..5# .....#
#.# .[...# #.#


You could see Natasha and 2 white imps.

Vanquished Creatures
  3 worms (D:2)
  A giant gecko (D:1)
  3 giant cockroaches
  A goblin (D:2)
  5 hobgoblins
  2 bats (D:1)
  A giant newt (D:2)
  7 kobolds
  4 rats
27 creatures vanquished.

Notes
Turn   | Place    | Note
--------------------------------------------------------------
     0 | D:1      | MenacingMecha the Hill Orc Berserker began the quest for the Orb.
     0 | D:1      | Reached XP level 1. HP: 19/19 MP: 1/1
   179 | D:1      | Reached XP level 2. HP: 26/26 MP: 2/2
   308 | D:1      | Reached skill level 5 in Axes
   620 | D:2      | Reached XP level 3. HP: 31/31 MP: 3/3
   692 | D:2      | Reached ** piety under Trog
   949 | D:2      | Found a faded altar to an unknown god.
   973 | D:2      | Noticed Natasha
   993 | D:2      | Slain by Natasha

Vault maps used:
D:1:      minmay_arrival_up_and_down
D:2:      makhleb_altar_promises_db, first_bread, ecumenical_altar_1,
          uniq_natasha

Skill      XL: |  1  2 |
---------------+-------+-----
Axes           | 5 |  5.8
Fighting       | |  3.6
Armour         | |  2.1
Dodging        | |  1.5

Action                   || total
-------------------------++-------
Melee: Hand axe          ||    93
Invok: Berserk           ||     1
